 Seeded DCSS version 0.29-a0-23-ga79f92ac9c (webtiles) character file.

Game seed: 10000000000011 (custom seed)

6699 knot the Cleaver (level 10, 0/105 HPs)
             Began as a Demonspawn Berserker on Jan 31, 2022.
             Was a Believer of Trog.
             Succumbed to a black mamba's poison
             ... on level 1 of the Lair of Beasts.
             The game lasted 00:11:46 (12234 turns).

knot the Cleaver (Demonspawn Berserker)            Turns: 12234, Time: 00:11:46

Health: 0/105      AC: 11    Str: 18    XL:     10   Next: 74%
Magic:  3/10       EV:  7    Int: 12    God:    Trog [**....]
Gold:   246        SH:  5    Dex: 13    Spells: 9/9 levels left

rFire   . . .      SeeInvis .   G - +0 battleaxe
rCold   + . .      Faith    .   (shield currently unavailable)
rNeg    . . .      Spirit   +   I - +1 chain mail of Urghimes {Fly rPois rC+ Slay-2 Stlth+}
rPois   +          Reflect  +   (no helmet)
rElec   .          Harm     .   H - +1 cloak {Stlth+}
rCorr   .          Rampage  .   (gloves unavailable)
Will    .....                   (no boots)
Stlth   ..........              d - amulet of reflection
HPRegen 0.27/turn               (no ring)
MPRegen 0.24/turn               (no ring)

@: berserking, lethally poisoned (0 -> -13), flying, very quick
A: powered by death 1, magic shield, magic regeneration, demonic touch 3
a: Renounce Religion, Berserk, Trog's Hand


You were on level 1 of the Lair of Beasts.
You worshipped Trog.
Trog was pleased with you.
You visited 2 branches of the dungeon, and saw 10 of its levels.

You collected 586 gold pieces.
You spent 340 gold pieces at shops.

Inventory:

Hand Weapons
 q - a +0 war axe
 x - a +3 scimitar of flaming
 C - a +2 hand axe
 G - a +0 battleaxe (weapon)
Missiles
 f - 217 stones
 i - 8 poisoned darts
 p - 9 boomerangs (quivered)
 t - 22 sling bullets
 u - a curare-tipped dart
 B - 2 throwing nets
Armour
 h - a +0 ring mail
 y - a +2 robe of cold resistance
 A - the +3 hat of Pondering {ponderous, Will+ MP+10 Int+5}
   (You found it on level 8 of the Dungeon)

   Int:       It affects your intelligence (+5).
   MP:        It affects your magic capacity (+10).
   Will:      It increases your willpower.
 H - a +1 cloak of stealth (worn)
 I - the +1 chain mail of Urghimes (worn) {Fly rPois rC+ Slay-2 Stlth+}
   (You bought it in a shop on level 3 of the Dungeon)

   Slay:      It affects your accuracy & damage with ranged weapons and melee
   (-2).
   rC:        It protects you from cold.
   rPois:     It protects you from poison.
   Fly:       It grants you flight.
   Stlth:     It makes you more stealthy.
Jewellery
 d - an amulet of reflection (around neck)
 E - a ring of willpower
Wands
 j - a wand of charming (1)
 k - a wand of flame (21)
 o - a wand of polymorph (14)
 w - a wand of iceblast (10)
Scrolls
 a - 2 scrolls of holy word {unknown}
 c - a scroll of amnesia {unknown}
 l - 6 scrolls of identify {unknown}
 m - 2 scrolls of blinking
 n - 2 scrolls of fog {unknown}
 s - 3 scrolls of teleportation {unknown}
 z - a scroll of magic mapping {unknown}
 J - a scroll of torment {unknown}
 L - a scroll of fear {unknown}
Potions
 b - a potion of might {unknown}
 e - 7 potions of curing {unknown}
 g - a potion of lignification {unknown}
 r - a potion of brilliance {unknown}
 v - 2 potions of resistance {unknown}
 D - a potion of berserk rage {unknown}
 F - 2 potions of attraction {unknown}


   Skills:
 - Level 3.0 Fighting
 * Level 12.0 Axes
 * Level 9.5 Throwing
 - Level 1.7 Armour
 - Level 1.7 Dodging


You had 9 spell levels left.
You didn't know any spells.
Your spell library contained the following spells:

 Spells                   Type           Power      Damage    Failure   Level
 Pain                     Necr           0%         1d4       99%         1
 Corpse Rot               Necr/Air       0%         N/A       100%        2
 Ensorcelled Hibernation  Hex/Ice        0%         N/A       100%        2
 Passwall                 Tmut/Erth      0%         N/A       100%        2
 Poisonous Vapours        Pois/Air       0%         N/A       100%        2
 Ozocubu's Armour         Ice            0%         N/A       100%        3
 Summon Guardian Golem    Hex/Summ       0%         N/A       100%        3
 Swiftness                Air            0%         N/A       100%        3
 Tukima's Dance           Hex            0%         N/A       100%        3
 Anguish                  Hex/Necr       0%         N/A       100%        4
 Agony                    Necr           0%         N/A       100%        5
 Excruciating Wounds      Necr           0%         N/A       100%        5
 Metabolic Englaciation   Hex/Ice        0%         N/A       100%        5
 Simulacrum               Ice/Necr       0%         N/A       100%        6
 Enfeeble                 Hex            0%         N/A       100%        7
 Orb of Destruction       Conj           0%         9d5       100%        7
 Spellforged Servitor     Conj/Summ      0%         N/A       100%        7


Dungeon Overview and Level Annotations

Branches:
Dungeon (9/15)             Temple (0/1) D:4            Lair (1/6) D:9
    Orc: D:9-12

Altars:
Okawaru
Ru
Uskayaw

Shops:
D:3 [   D:8 :

Annotations:
D:8 2 runed translucent doors, knot's ghost, novice DsBe


Innate Abilities, Weirdness & Mutations

You regenerate a little health from kills.
When hurt, damage is shared between your health and your magic reserves.
You regenerate magic rapidly.
Your touch may irresistibly damage your foes and sap their willpower.


Message History

You are too injured to fight recklessly!
You are too injured to fight recklessly!
A red film seems to cover your vision as you go berserk!
You feel yourself moving faster!
You feel mighty!
You feel sick. The black mamba bites you! The black mamba closely misses you.
You slice the black mamba!!
The black mamba is severely wounded.
You feel sick.
The black mamba bites you but does no damage.
You miss the black mamba.
The black mamba is severely wounded.
You feel sick. The black mamba bites you!
* * * LOW HITPOINT WARNING * * *
The black mamba bites you!
* * * LOW HITPOINT WARNING * * *
You hit the black mamba but do no damage.
The black mamba is severely wounded.
You feel sick. The black mamba bites you.
* * * LOW HITPOINT WARNING * * *
You are lethally poisoned!
The black mamba poisons you!
You closely miss the black mamba.
The black mamba is severely wounded.
* * * LOW HITPOINT WARNING * * *
You feel very sick. You block the black mamba's attack.
You completely miss the black mamba.
The black mamba is severely wounded.
* * * LOW HITPOINT WARNING * * *
You feel very sick. You block the black mamba's attack.
The black mamba bites you.
* * * LOW HITPOINT WARNING * * *
You slash the black mamba!
The black mamba is almost dead.
* * * LOW HITPOINT WARNING * * *
You feel very sick. The black mamba barely misses you.
You barely miss the black mamba.
The black mamba is almost dead.
You die...

###### ##### ##.....
..... .....# ##...#
#....# ....## #....#
#...P# #....# #....#
#...S### #...##
##...@#.######.<.P####
#.....................
#P....................
##...#.#...#.#........
......#########........
...... #........
....... #........
....... #........ ....
#........


You could see a black mamba.

Vanquished Creatures
  Harold (D:8)
  Erica (D:8)
  A two-headed ogre (D:8)
  Joseph (D:7)
  A kobold demonologist (D:5)
  Prince Ribbit (D:8)
  4 yaks
  An acid dragon (D:9)
  A water moccasin (D:8)
  3 orc warriors
  A black bear (D:5)
  A necrophage (D:6)
  An ice beast (D:7)
  3 ogres
  A wolf (D:4)
  A centaur (D:8)
  A phantom (D:6)
  A kobold brigand (D:7)
  6 scorpions
  2 wyvern zombies (D:7)
  2 bullfrogs
  A wyvern skeleton (D:7)
  Dowan (D:4)
  8 killer bees (D:9)
  9 wights
  4 howler monkeys
  2 centaur zombies
  3 orc priests
  3 hounds
  2 jellies
  2 bullfrog skeletons
  3 centaur skeletons
  Ijyb (D:4)
  4 orc wizards
  A scorpion zombie (D:5)
  7 adders
  A shadow imp (D:7)
  A white imp (D:5)
  19 orcs
  6 endoplasms
  2 giant cockroaches
  5 goblins
  5 hobgoblins
  14 jackals
  A quokka (D:4)
  4 ball pythons
  7 bats
  5 frilled lizards
  7 kobolds
  5 rats
168 creatures vanquished.

Vanquished Creatures (others)
  An ogre (D:7)
  An orc (D:7)
  5 fungi (D:9)
  4 plants (D:9)
11 creatures vanquished.

Grand Total: 179 creatures vanquished

Notes
Turn   | Place    | Note
-------+----------+-------------------------------------------
     0 | D:1      | knot the Demonspawn Berserker began the quest for the Orb.
     0 | D:1      | Reached XP level 1. HP: 18/18 MP: 1/1
   151 | D:1      | Reached skill level 3 in Axes
   311 | D:1      | Gained mutation: You regenerate magic rapidly. [demonic
                  | ancestry]
   311 | D:1      | Reached XP level 2. HP: 15/24 MP: 2/2
  1315 | D:2      | Gained mutation: Your touch may inflict minor irresistible
                  | damage on your foes. [demonic ancestry]
  1315 | D:2      | Reached XP level 3. HP: 28/29 MP: 3/3
  1315 | D:2      | Reached ** piety under Trog
  1383 | D:2      | Reached skill level 4 in Axes
  2161 | D:2      | Reached XP level 4. HP: 28/35 MP: 4/4
  2469 | D:3      | Noticed an ogre
  2482 | D:3      | Killed an ogre
  2483 | D:3      | Reached skill level 5 in Axes
  2483 | D:3      | Reached XP level 5. HP: 13/41 MP: 5/5
  2889 | D:3      | Found Daocsar's Antique Armour Emporium.
  3257 | D:4      | Reached skill level 6 in Axes
  3258 | D:4      | HP: 2/41 [poisoned by a scorpion]
  3476 | D:4      | Found a staircase to the Ecumenical Temple.
  3503 | D:4      | Gained mutation: Your touch may inflict irresistible damage
                  | on your foes. [demonic ancestry]
  3503 | D:4      | Reached XP level 6. HP: 47/47 MP: 6/6
  3588 | D:4      | Noticed Duvessa
  3590 | D:4      | Noticed Ijyb
  3591 | D:4      | Noticed Duvessa
  3591 | D:4      | Duvessa changed into Duvessa the wolf
  3591 | D:4      | Noticed Dowan
  3611 | D:4      | Killed Duvessa the wolf
  3635 | D:5      | Entered Level 5 of the Dungeon
  4013 | D:4      | Killed Dowan
  4014 | D:4      | Reached skill level 7 in Axes
  4018 | D:4      | Killed Ijyb
  4757 | D:5      | Gained mutation: When hurt, damage is shared between your
                  | health and your magic reserves. [demonic ancestry]
  4757 | D:5      | Reached XP level 7. HP: 48/52 MP: 7/7
  4771 | D:5      | Reached skill level 1 in Throwing
  5120 | D:5      | Noticed a kobold demonologist
  5124 | D:5      | Noticed a smoke demon
  5127 | D:5      | Noticed a sun demon
  5130 | D:5      | Noticed a soul eater
  5135 | D:5      | Killed a kobold demonologist
  5136 | D:5      | Reached skill level 8 in Axes
  5136 | D:5      | Gained mutation: You regenerate a little health from kills.
                  | [demonic ancestry]
  5136 | D:5      | Reached XP level 8. HP: 45/58 MP: 4/8
  5901 | D:5      | Found a hide-covered altar of Uskayaw.
  6418 | D:6      | Reached skill level 9 in Axes
  6679 | D:6      | Reached skill level 5 in Throwing
  6955 | D:6      | Found an iron altar of Okawaru.
  7257 | D:7      | Noticed Joseph
  7269 | D:7      | Killed Joseph
  7270 | D:7      | Gained mutation: Your touch may irresistibly damage your
                  | foes and sap their willpower. [demonic ancestry]
  7270 | D:7      | Reached XP level 9. HP: 37/63 MP: 6/9
  8299 | D:7      | Reached skill level 10 in Axes
  8546 | D:7      | Found a sacrificial altar of Ru.
  8785 | D:8      | Noticed Erica
  8814 | D:8      | Killed Erica
  8997 | D:8      | Noticed Prince Ribbit
  9006 | D:8      | Killed Prince Ribbit
  9169 | D:8      | Found the +3 hat of Pondering {ponderous, Will+ MP+10
                  | Int+5}
  9191 | D:8      | Noticed Harold
  9213 | D:8      | Killed Harold
  9214 | D:8      | Reached skill level 11 in Axes
  9214 | D:8      | Reached XP level 10. HP: 70/70 MP: 7/10
  9426 | D:8      | Noticed a two-headed ogre
  9564 | D:8      | Found a large runed translucent door.
  9564 | D:8      | Found a large runed translucent door.
  9566 | D:8      | Noticed knot's ghost (novice DsBe)
  9765 | D:8      | Killed a two-headed ogre
 10184 | D:8      | Found Yhyquem's Self-Improvement Boutique.
 10431 | D:3      | Bought a runed cloak for 150 gold pieces
 10431 | D:3      | Bought an ichor-stained chain mail for 190 gold pieces
 10431 | D:3      | Identified the +1 chain mail of Urghimes {Fly rPois rC+
                  | Slay-2 Stlth+} (You bought it in a shop on level 3 of the
                  | Dungeon)
 11700 | D:9      | Reached skill level 12 in Axes
 11795 | D:9      | Found a staircase to the Lair.
 12209 | Lair:1   | Entered Level 1 of the Lair of Beasts
 12219 | Lair:1   | Noticed a black mamba
 12232 | Lair:1   | HP: 5/105 [black mamba (4)]
 12233 | Lair:1   | HP: 2/105 [poisoned by a black mamba]
 12234 | Lair:1   | Succumbed to a black mamba's poison

Illustrated notes

Levels and vault maps discovered:
D:1:      lordsloth_arrival_two_stooges, layout_basic, grunt_decor_fettered,
          minmay_misc_feat_diagonals, nicolae_concentric_dashed_squares_wild
D:2:      layout_rooms, hangedman_decor_clover_reticule
D:3:      layout_basic, serial_shops, shop, kennysheep_path_1
D:4:      layout_rooms, temple_doors_e, uniq_duvessa, uniq_ijyb
D:5:      layout_loops_cross, nicolae_uskayaw_suspiria, item_on_display_a
D:6:      layout_rooms, nicolae_overflow_hidden_temple, grunt_ministairs_6
D:7:      layout_loops_ring, nicolae_ru_awakened_eye, palyth_stone_intersect,
          minmay_misc_feat_alley, minivault_27, uniq_joseph
D:8:      layout_loops_ring, ebering_ghost_disaster_area,
          nicolae_shop_self_help, uniq_harold, uniq_erica, uniq_prince_ribbit1
D:9:      layout_grid_maze, grunt_lair_entry_orc_guard_hut
Lair:1:   layout_small_grid, minivault_27, grunt_forest_small_clearing_treed,
          uniq_maggie

Skill      XL: |  1  2  3  4  5  6  7  8  9 10 |
---------------+-------------------------------+-----
Axes           | 3 4 5 6 7 8 9 11 12 | 12.0
Throwing       | 3 5 8 9 |  9.5
Fighting       | |  3.0
Armour         | |  1.7
Dodging        | |  1.7

Action                   |  1- 3 |  4- 6 |  7- 9 | 10-12 || total
-------------------------+-------+-------+-------+-------++-------
Melee: Hand axe          |   125 |    90 |       |    13 ||   228
       Touch             |     6 |    16 |    32 |     5 ||    59
       War axe           |       |    12 |   192 |    11 ||   215
       Punch             |       |     1 |     2 |     2 ||     5
       Battleaxe         |       |       |       |   108 ||   108
Throw: Boomerang         |       |       |     7 |    22 ||    29
       Stone             |       |       |     1 |       ||     1
       Dart              |       |       |       |     5 ||     5
Invok: Berserk           |     3 |     5 |    13 |    10 ||    31
       Trog's Hand       |       |     2 |       |       ||     2
Evoke: Wand              |       |     4 |     7 |     5 ||    16
  Use: Potion            |       |     2 |       |       ||     2
       Scroll            |       |     1 |       |       ||     1
 Stab: Paralysed         |       |       |       |     1 ||     1
Armor: Animal skin       |    16 |       |       |       ||    16
       Ring mail         |    16 |    15 |    47 |     3 ||    81
       Chain mail        |       |       |       |    46 ||    46
Dodge: Dodged            |    72 |    57 |   113 |    41 ||   283
Block: Other             |    33 |    22 |    34 |    30 ||   119
       Reflection        |       |     1 |     1 |       ||     2

Table legend: (Time is in decaauts)
 A = Elapsed time spent in this place.
 B = Non-inter-level travel time spent in this place.
 C = Inter-level travel time spent in this place.
 D = Time resting spent in this place.
 E = Time spent auto-exploring this place.
 F = Levels seen in this place.
 G = Mean time per level.
                   A        B        C        D        E       F      G
               +--------+--------+--------+--------+--------+-----+--------+
         Total |  12547 |  11953 |    594 |   5165 |   5468 |  10 | 1254.7 |
       Dungeon |  12524 |  11931 |    593 |   5165 |   5459 |   9 | 1391.6 |
          Lair |     23 |     23 |      0 |      0 |      9 |   1 |   23.0 |
               +--------+--------+--------+--------+--------+-----+--------+

Top non-repeatable levels by time:
     D:5: 2108 daAuts
     D:7: 1855 daAuts
     D:9: 1837 daAuts
     D:1: 1328 daAuts
     D:8: 1228 daAuts
     D:4: 1157 daAuts
     D:2: 1084 daAuts
     D:6: 1038 daAuts
     D:3: 885 daAuts
  Lair:1: 23 daAuts
